[Event "Early-Titled-Tuesday-Blitz-September-05-2023"]
[Site "Chess.com"]
[Date "2023.09.05"]
[Round "1"]
[White "LionTheLeon_06"]
[Black "Juicy_Fork"]
[Result "1-0"]
[WhiteElo "2810"]
[BlackElo "2445"]
[TimeControl "180+1"]
[EndTime "8:09:33 PDT"]
[Termination "LionTheLeon_06 won on time"]

1. e4 e5 2. Nf3 Nc6 3. Bc4 Nf6 4. d3 Bc5 5. c3 d6 6. Bg5 h6 7. Bh4 g5 8. Bg3 Nh5 9. d4 Nxg3 10. hxg3 exd4 11.
cxd4 Bb4+ 12. Nc3 Bg4 13. Qb3 Bxf3 14. gxf3 Nxd4 15. Bxf7+ Kf8 16. Qd1 Qf6 17. Bh5 Kg7 18. Kf1 c6 19. Kg2 Rhf8 20. Qd3 Rad8 21. Bg4 Ne6 22. Qc4 Bxc3 23. bxc3 Nc5 24. Rad1 Qe5 25. Rd4 Rf6 26. Bf5 b5 27. Qe2 Rxf5 28. Qd2 Rf6 29. Re1 Rdf8 30. Re3 Ne6 31. Rdd3 Rg6 32. Kf1 Nc5 33.
Rd4 Rgf6 34. Kg2 g4 35. f4 Qh5 36. Rxd6 Ne6 37. Kg1 R8f7 38. e5 Rg6 39. Re4 Qf5 40.
Re1 h5 41. Qd3 Qxd3 42. Rxd3 Nc5 43. Rd8 Na4 44. Re3 Re7 45. f5 Rh6 46. f6+ Rxf6 47. exf6+ Kxf6 48. Rd6+ Kf7 49. Rxe7+ Kxe7 50. Rxc6 Kd7 51.
Ra6 Nxc3 52. Rxa7+ Kc6 53. a3 Kb6 54. Ra8 Nb1 55.
Kf1 Kb7 56. Rh8 Nxa3 57. Rxh5 b4 58. Ke2 b3 59. Ke3 b2 60. Rh1 b1=Q 61. Rxb1+ Nxb1 62. Kf4 Kc7 63. Kxg4 Kd7 64. Kf4 Ke7 65. g4 Kf7 66.
Kg5 Nc3 67. f4 Ne4+ 68. Kf5 Ng3+ 69. Ke5 Kg6 70. Ke6 Kg7 71. f5 Kf8 72. g5 Nh5 73. f6 Nf4+ 74. Kf5 Ne2 75. g6 Nd4+ 76. Ke5 Nf3+ 77. Kf4 Nd4 78. Kg5 Nf3+ 79. Kh6 Kg8 80. Kh5 Ne5 81. Kg5 Nxg6 82. Kxg6 Kh8 83. Kf7 Kh7 84. Ke7 1-0

[Event "Early-Titled-Tuesday-Blitz-September-05-2023"]
[Site "Chess.com"]
[Date "2023.09.05"]
[Round "1"]
[White "karinachess1"]
[Black "AlexandraSamaganova"]
[Result "1-0"]
[WhiteElo "2610"]
[BlackElo "2278"]
[TimeControl "180+1"]
[EndTime "8:09:36 PDT"]
[Termination "karinachess1 won by resignation"]

1. c4 c5 2. Nf3 Nf6 3. Nc3 e6 4. d4 cxd4 5. Nxd4 a6 6. a3 Qc7 7. e4 b6 8. Be2 Bb7 9. f3 d6 10. Be3 Nbd7 11. O-O Be7 12. Rc1 O-O 13. Qd2 Rac8 14.
Rfd1 Qb8 15. Bf1 Bd8 16. Kh1 Bc7 17. Bg1 Rfe8 18. Nc2 d5 19. cxd5 exd5 20. Nxd5 Nxd5 21.
exd5 Bf4 22. Ne3 Rxc1 23. Rxc1 Qe5 24. Rc3 Qh5 25. Qf2 Nf6 26. g3 Bxe3 27. Rxe3 Rxe3 28. Qxe3 Qxd5 29. Bg2 b5 30. h3 h6 31. Kh2 Qd6 32.
Bf2 Bd5 33. Qd4 Qc6 34. Qe3 Qd6 35. Be1 Qc7 36. Bc3 Nh5 37. Be5 Qd7 38. g4 Nf6 39. Bxf6 gxf6 40. Qxh6 Qd6+ 41. Kh1 Qe5 42. Qd2 Qd6 43.
Kg1 Qe5 44. f4 Qe6 45. Qxd5 Qe3+ 46. Kh1 Qc1+ 47. Kh2 Qxf4+ 48. Kg1 Qc1+ 49. Kf2 Qxb2+ 50. Kf1 Qa1+ 51. Ke2 Qb2+ 52. Qd2 Qxa3 53. Qd8+ Kg7 54. Qd3 Qb2+ 55. Kf3 b4 56. Qxa6 Qc3+ 57. Kf2 b3 58.
Qb7 Qc2+ 59. Kf1 b2 60. Be4 b1=Q+ 61. Qxb1 Qc4+ 62. Kf2 Qd4+ 63. Kf3 Qc3+ 64. Qd3 Qe1 65. Qe2 Qh1+ 66. Qg2 Qd1+ 67. Kg3 Qb3+ 68. Kh2 Qc4 69. h4 Qc7+ 70. Kh3 Qf4 71. Bf3 Qe3 72. g5 f5 73. h5 Qf4 74. Qg3 Qc1 75. Kh2 Qd2+ 76. Bg2 Qd4 77. h6+ Kg6 78. Qh3 f4 79. h7 Qh8 80.
Qh6+ Kf5 81. Bh3+ Ke4 82. g6 f3 83. g7 Qb8+ 84. Kh1 Qb1+ 85. Kh2 Qc2+ 86. Kg3 Qc7+ 87. Kh4 Qe7+ 88. Qg5 Qxg5+ 89. Kxg5 f2 90. g8=Q f1=Q 91. Bxf1 Ke3 92. h8=Q Kd2 93. Qf6 Ke1 94. Qe8+ 1-0

[Event "Early-Titled-Tuesday-Blitz-September-05-2023"]
[Site "Chess.com"]
[Date "2023.09.05"]
[Round "1"]
[White "Trendle"]
[Black "ChessWarrior3"]
[Result "1-0"]
[WhiteElo "2714"]
[BlackElo "2406"]
[TimeControl "180+1"]
[EndTime "8:09:58 PDT"]
[Termination "Trendle won by checkmate"]

1. e4 e5 2. Nf3 Nc6 3. Bc4 Bc5 4. d3 h6 5. c3 Nf6 6. Nbd2 a5 7. a4 d6 8. h3 g5 9. Bb5 g4 10. hxg4 Bxg4 11. Nf1 d5 12. Be3 dxe4 13. Bxc5 exf3 14. gxf3 Qd5 15. Ne3 Qxf3 16. Qxf3 Bxf3 17. Rh3 Nd7 18.
Ba3 e4 19. dxe4 Bxe4 20. O-O-O O-O-O 21. Rh4 Bg6 22. Nd5 Nb6 23. Nxb6+ cxb6 24. Rdh1 h5 25. Be2 Rd5 26. Bc4 Rf5 27. R4h2 Ne5 28. Be2 Kc7 29. Be7 Re8 30. Bh4 Ng4 31. Bg3+ Kc8 32.
Rxh5 Rxh5 33. Bxg4+ Rf5 34. Bxf5+ Bxf5 35. Rh4 Bg6 36.
Rc4+ Kd8 37. Bc7+ Kd7 38. Bxb6 Re1+ 39. Kd2 Rb1 40. b4 axb4 41. cxb4 Rb2+ 42. Ke3 Rb3+ 43. Kf4 Rd3 44. Rc7+ Ke6 45. Rxb7 Bh5 46. Kg5 Bg6 47.
Be3 Rd5+ 48. Kf4 Rf5+ 49. Kg3 Re5 50. Rb6+ Kf5 51. Rc6 Re4 52. Rc5+ Ke6 53. a5 Rxb4 54. Rc6+ Kd7 55. Rf6 Ra4 56. a6 Ke7 57. Rc6 Be4 58. Rb6 Bd5 59. Rb5 Ke6 60. a7 Ra2 61. Rb8 Ra4 62.
Rd8 Ra3 63. Kf4 Ra4+ 64. Kg5 Ra5 65. Re8+ Kd7 66. Re5 Kd6 67. Bf4 Rxa7 68. Rf5+ Ke6 69. Re5+ Kd6 70. Re8+ Kc6 71. Rc8+ Kd7 72. Rc5 Ke6 73.
Rb5 Rd7 74. Rb6+ Ke7 75. Be5 f6+ 76. Bxf6+ Kf7 77. Be5 Be6 78. Rb4 Rd5 79. f4 Ke7 80. Rb2 Kd7 81. Rh2 Kc6 82. Rh7 Kc5 83. Rc7+ Kb4 84.
Kf6 Bh3 85. Ke7 Rb5 86. Rc2 Ka4 87. Kf6 Rb3 88. Rc4+ Rb4 89. Rc7 Rb3 90. Kg5 Kb4 91.
f5 Bxf5 92. Kxf5 Ka4 93. Ke4 Rb5 94. Bd4 Rb3 95. Kd5 Rb5+ 96. Bc5 Kb3 97. Re7 Ka4 98. Re4+ Ka5 99. Kc6 Rb8 100. Re3 Rc8+ 101. Kd5 Rb8 102. Kc4 Ka6 103. Re7 Rb7 104. Re8 Rb8 105. Rxb8 Ka5 106. Rb6 Ka4 107. Ra6# 1-0

[Event "Early-Titled-Tuesday-Blitz-September-05-2023"]
[Site "Chess.com"]
[Date "2023.09.05"]
[Round "2"]
[White "Alexei_Gubajdullin"]
[Black "ckgchess"]
[Result "0-1"]
[WhiteElo "2587"]
[BlackElo "2866"]
[TimeControl "180+1"]
[EndTime "8:12:43 PDT"]
[Termination "ckgchess won by checkmate"]

1. d4 Nf6 2. Nf3 d5 3. Bf4 Bf5 4.
e3 e6 5. c4 Bxb1 6. Qxb1 Bb4+ 7.
Kd1 Bd6 8. Bg3 c5 9. cxd5 Nxd5 10. Bb5+ Nc6 11. Bxc6+ bxc6 12. dxc5 Bxg3 13. Ke2 Bc7 14. Qe4 Rb8 15. h4 Rxb2+ 16. Kf1 Qf6 17. Rd1 O-O 18. Ng5 Qxf2# 0-1

[Event "Early-Titled-Tuesday-Blitz-September-05-2023"]
[Site "Chess.com"]
[Date "2023.09.05"]
[Round "2"]
[White "JoliyRoger"]
[Black "inagreV"]
[Result "1-0"]
[WhiteElo "2481"]
[BlackElo "2249"]
[TimeControl "180+1"]
[EndTime "8:12:45 PDT"]
[Termination "JoliyRoger won by resignation"]

1. Nf3 Nf6 2. d4 g6 3. c4 Bg7 4.
Nc3 O-O 5. e4 d6 6. h3 c5 7. d5 e6 8. Bd3 exd5 9. cxd5 b5 10. Nxb5 Re8 11. O-O Nxe4 12. Qa4 Nf6 13. Bg5 h6 14.
Bxf6 Qxf6 15. Nc7 1-0

[Event "Early-Titled-Tuesday-Blitz-September-05-2023"]
[Site "Chess.com"]
[Date "2023.09.05"]
[Round "2"]
[White "DrCeltic"]
[Black "MarcoRiehle"]
[Result "0-1"]
[WhiteElo "2552"]
[BlackElo "2806"]
[TimeControl "180+1"]
[EndTime "8:12:59 PDT"]
[Termination "MarcoRiehle won by resignation"]

1. e4 e5 2. Nf3 Nf6 3. Nxe5 Nxe4 4. Qe2 Qe7 5. Qxe4 d6 6. d4 dxe5 7. dxe5 Nc6 8. Bb5 Bd7 9. Nc3 O-O-O 10. O-O a6 11.
Ba4 Nxe5 12. Bxd7+ Rxd7 13. Bf4 Ng6 14. Qxe7 Bxe7 15. Be3 Bf6 16. Ne4 Bxb2 17. Rab1 Bd4 18. c3 Bxe3 19. fxe3 b6 20. Ng5 f6 21. Ne6 Re8 22. Nd4 Rxe3 0-1

[Event "Early-Titled-Tuesday-Blitz-September-05-2023"]
[Site "Chess.com"]
[Date "2023.09.05"]
[Round "2"]
[White "joksijoksi"]
[Black "alturas_pacificas"]
[Result "1-0"]
[WhiteElo "2546"]
[BlackElo "2373"]
[TimeControl "180+1"]
[EndTime "8:13:11 PDT"]
[Termination "joksijoksi won by resignation"]

1. d4 d5 2. c4 c6 3. Nc3 Nf6 4. cxd5 cxd5 5. f3 e6 6. e4 Bd7 7. e5 Ng8 8. f4 g6 9. Nf3 h5 10. Be2 Nh6 11. Be3 Nf5 12. Bf2 h4 13. Qd2 Nc6 14.
O-O-O Qa5 15. g4 hxg3 16. hxg3 Rxh1 17. Rxh1 O-O-O 18. Kb1 Bb4 19. Rc1 Kb8 20. a3 Bxc3 21. Rxc3 Rc8 22. Rxc6 Qxd2 23. Rxc8+ Bxc8 24. Nxd2 b6 25.
g4 Ne7 26. Kc2 Nc6 27. b4 Bb7 28. Nf3 Nd8 29. Bh4 1-0

[Event "Early-Titled-Tuesday-Blitz-September-05-2023"]
[Site "Chess.com"]
[Date "2023.09.05"]
[Round "2"]
[White "MasterKroket"]
[Black "TregubovP"]
[Result "0-1"]
[WhiteElo "2408"]
[BlackElo "2641"]
[TimeControl "180+1"]
[EndTime "8:13:21 PDT"]
[Termination "TregubovP won by resignation"]

1. e4 c5 2. Nf3 Nc6 3. d4 cxd4 4. Nxd4 Nf6 5. Nc3 e6 6. Ndb5 Bb4 7. a3 Bxc3+ 8. Nxc3 d5 9. exd5 exd5 10. Bd3 O-O 11. O-O d4 12. Ne4 Bf5 13. Qf3 Bxe4 14. Bxe4 Nxe4 15.
Qxe4 Re8 16. Qf3 Qb6 17. Rd1 Ne5 18. Qf4 Rad8 19. b3 Qc5 20. Qd2 d3 21. c4 Ng4 22.
b4 Qh5 23. h3 Nxf2 0-1

[Event "Early-Titled-Tuesday-Blitz-September-05-2023"]
[Site "Chess.com"]
[Date "2023.09.05"]
[Round "2"]
[White "Jmf24"]
[Black "Barbus89"]
[Result "0-1"]
[WhiteElo "2383"]
[BlackElo "2549"]
[TimeControl "180+1"]
[EndTime "8:13:26 PDT"]
[Termination "Barbus89 won by resignation"]

1. e4 c6 2. d4 d5 3. Nd2 dxe4 4. Nxe4 Nf6 5. Nxf6+ exf6 6. c3 Bd6 7. Bd3 O-O 8. Ne2 Kh8 9. Qc2 Re8 10. Bxh7 g6 11. Bxg6 fxg6 12. Qxg6 Nd7 13. Be3 Nf8 14. Qh6+ Nh7 15.
O-O-O Bf8 16. Qg6 Be6 17. h4 Qd5 18. Nf4 Qxa2 19. h5 Bd6 20. h6 Rg8 21. Qc2 Bxf4 22. Bxf4 Bb3 23. Qf5 Qa1+ 24. Kd2 Qxb2+ 0-1

[Event "Early-Titled-Tuesday-Blitz-September-05-2023"]
[Site "Chess.com"]
[Date "2023.09.05"]
[Round "2"]
[White "CarlosjPineror"]
[Black "Road2GM3000"]
[Result "0-1"]
[WhiteElo "2517"]
[BlackElo "2371"]
[TimeControl "180+1"]
[EndTime "8:13:32 PDT"]
[Termination "Road2GM3000 won by resignation"]

1. e4 c5 2. Nf3 d6 3. d4 cxd4 4. Nxd4 Nf6 5. Nc3 a6 6. Bg5 e6 7. f4 Qb6 8. a3 Nc6 9. Nb3 Bd7 10. Qf3 Qc7 11. O-O-O Be7 12. Bd3 O-O-O 13. Rhe1 h6 14. Bh4 Kb8 15. Bf2 Na5 16. Qe3 Nxb3+ 17. cxb3 b5 18. h3 Rc8 19. Kb1 d5 20. exd5 Bc5 21.
Qxc5 Qxc5 22. Bxc5 Rxc5 23. b4 Rc7 24. dxe6 Bxe6 25.
Ne4 Nxe4 26. Bxe4 Rhc8 27. Rc1 Rc4 28. Rxc4 Rxc4 29. f5 Rxe4 0-1

[Event "Early-Titled-Tuesday-Blitz-September-05-2023"]
[Site "Chess.com"]
[Date "2023.09.05"]
[Round "2"]
[White "AlexPapasimakopoulos"]
[Black "chessculator16"]
[Result "1-0"]
[WhiteElo "2710"]
[BlackElo "2204"]
[TimeControl "180+1"]
[EndTime "8:13:36 PDT"]
[Termination "AlexPapasimakopoulos won by resignation"]

1. d4 d5 2. c4 c6 3. cxd5 cxd5 4. Bf4 Nc6 5. e3 Nf6 6. Nc3 a6 7. Bd3 Bg4 8. Nge2 e6 9. O-O Bd6 10. f3 Bh5 11. Rc1 O-O 12. Na4 Nb4 13. Bb1 Bg6 14. Bxg6 hxg6 15. a3 Nc6 16. b4 Bxf4 17. Nxf4 Nd7 18.
Nc5 Nxc5 19. Rxc5 Rc8 20. Qd2 Na7 21. Rfc1 Qd7 22. Nd3 Nb5 23. Ne5 Rxc5 24. Nxd7 Rxc1+ 25. Qxc1 Rd8 26. a4 Kh7 27. axb5 Rxd7 28. bxa6 bxa6 29.
Qc6 Rd8 30. Qxa6 Rb8 31. b5 g5 32. h3 1-0

[Event "Early-Titled-Tuesday-Blitz-September-05-2023"]
[Site "Chess.com"]
[Date "2023.09.05"]
[Round "2"]
[White "Mariia89"]
[Black "lexisvar"]
[Result "0-1"]
[WhiteElo "1971"]
[BlackElo "2451"]
[TimeControl "180+1"]
[EndTime "8:13:36 PDT"]
[Termination "lexisvar won by resignation"]

1. d4 Nf6 2. Nf3 e6 3. Bg5 h6 4. Bh4 c5 5. Nbd2 cxd4 6. Nxd4 Nc6 7.
c3 Be7 8. Bg3 d5 9. e3 O-O 10.
Bd3 Re8 11. N4f3 Bf8 12. Ne5 Bd6 13. Ndf3 Qc7 14. Nxc6 bxc6 15. O-O Bxg3 16. hxg3 e5 17. Bc2 e4 18. Nd4 Bd7 19. Ne2 Qe5 20. Rb1 Bg4 21. Re1 Qh5 22. Kf1 Qh1+ 23. Ng1 Bxd1 0-1

[Event "Early-Titled-Tuesday-Blitz-September-05-2023"]
[Site "Chess.com"]
[Date "2023.09.05"]
[Round "2"]
[White "Grossboss19"]
[Black "stepanosinovsky"]
[Result "0-1"]
[WhiteElo "2484"]
[BlackElo "2302"]
[TimeControl "180+1"]
[EndTime "8:13:40 PDT"]
[Termination "stepanosinovsky won by resignation"]

1. e4 e5 2. Nf3 Nc6 3. Bb5 a6 4.
Ba4 Nf6 5. O-O Be7 6. Re1 b5 7.
Bb3 O-O 8. c3 d5 9. exd5 Nxd5 10. Nxe5 Nxe5 11. Rxe5 c6 12. d4 Bd6 13. Re1 Qh4 14.
g3 Qh3 15. Qf3 Bg4 16. Qg2 Qh5 17. Nd2 Rae8 18. Rxe8 Rxe8 19. f3 Re1+ 20. Kf2 Bh3 21. Qxh3 Qxh3 22. Kxe1 Qxh2 23. Nf1 Bxg3+ 24. Kd1 Qg1 0-1

[Event "Early-Titled-Tuesday-Blitz-September-05-2023"]
[Site "Chess.com"]
[Date "2023.09.05"]
[Round "2"]
[White "pirulillo"]
[Black "Shuvalov"]
[Result "1-0"]
[WhiteElo "2302"]
[BlackElo "2485"]
[TimeControl "180+1"]
[EndTime "8:13:46 PDT"]
[Termination "pirulillo won by checkmate"]

1. e4 e6 2. d3 d5 3. Nd2 c5 4.
Ngf3 Nc6 5. g3 Nf6 6. Bg2 Be7 7.
O-O O-O 8. e5 Nd7 9. Re1 b5 10.
a4 bxa4 11. Rxa4 a5 12. Nf1 Ba6 13. h4 Nb4 14. Bf4 Rc8 15. N1h2 c4 16. d4 c3 17. b3 Bb5 18. Ra1 Ra8 19. Ng5 Qe8 20. Bf1 Bxf1 21. Rxf1 Nb6 22. Ng4 a4 23. Nf6+ gxf6 24.
exf6 Bxf6 25. Qh5 Bxg5 26. Qxg5+ Kh8 27. Qf6+ Kg8 28. Bh6 Qd8 29. Qg7# 1-0

[Event "Early-Titled-Tuesday-Blitz-September-05-2023"]
[Site "Chess.com"]
[Date "2023.09.05"]
[Round "2"]
[White "vesalhamedinia"]
[Black "LeoWin2012"]
[Result "1-0"]
[WhiteElo "2488"]
[BlackElo "2236"]
[TimeControl "180+1"]
[EndTime "8:13:49 PDT"]
[Termination "vesalhamedinia won by resignation"]

1. d4 Nf6 2. c4 g6 3. e3 Bg7 4. Nf3 O-O 5. Nc3 d6 6. Be2 Nbd7 7. O-O Re8 8. b4 e5 9. Bb2 e4 10. Nd2 c6 11. d5 cxd5 12. cxd5 Nb6 13. Qb3 Bf5 14.
Rac1 Nfd7 15. a4 Qg5 16. Rfd1 a5 17. bxa5 Rxa5 18. Qb4 Bxc3 19. Qxc3 Ne5 20. Qxa5 Nf3+ 21. Nxf3 exf3 22. Bxf3 Be4 23. Bxe4 Rxe4 24. Qxb6 Rg4 25.
Rc8+ 1-0

[Event "Early-Titled-Tuesday-Blitz-September-05-2023"]
[Site "Chess.com"]
[Date "2023.09.05"]
[Round "2"]
[White "moro182"]
[Black "slidingknight2775"]
[Result "1-0"]
[WhiteElo "2847"]
[BlackElo "2577"]
[TimeControl "180+1"]
[EndTime "8:13:59 PDT"]
[Termination "moro182 won by resignation"]

1. d4 Nf6 2. Bf4 d5 3. e3 c5 4. dxc5 e6 5. b4 a5 6. c3 b6 7. Bxb8 Rxb8 8. Bb5+ Ke7 9. c6 Qd6 10. Qb3 Kd8 11. Nf3 axb4 12. O-O h6 13. cxb4 Qxb4 14. Ne5 Qe7 15. c7+ Kxc7 16. Rc1+ Kb7 17. Bc6+ Kc7 18. Bb5+ Kb7 19. Qa4 1-0

[Event "Early-Titled-Tuesday-Blitz-September-05-2023"]
[Site "Chess.com"]
[Date "2023.09.05"]
[Round "2"]
[White "meoluoi91"]
[Black "Msb2"]
[Result "0-1"]
[WhiteElo "2678"]
[BlackElo "3103"]
[TimeControl "180+1"]
[EndTime "8:14:01 PDT"]
[Termination "Msb2 won by resignation"]

1. Nf3 d5 2. g3 e6 3. Bg2 Nf6 4. O-O Bd6 5. c4 O-O 6. b3 Nc6 7. Bb2 d4 8. e3 e5 9. exd4 Nxd4 10. Nxd4 exd4 11. d3 c5 12. Nd2 Bg4 13. Qc2 Qd7 14.
Rfe1 Rae8 15. b4 Bh3 16. Bh1 cxb4 17. Bxd4 Bxg3 18. Bxf6 Be5 19. Bh4 Bxa1 20. Rxa1 Qd4 21. Rb1 Qxh4 22. Bxb7 Re2 0-1

[Event "Early-Titled-Tuesday-Blitz-September-05-2023"]
[Site "Chess.com"]
[Date "2023.09.05"]
[Round "2"]
[White "Ural_bogatyr"]
[Black "secretsuperstar7"]
[Result "1-0"]
[WhiteElo "2548"]
[BlackElo "2377"]
[TimeControl "180+1"]
[EndTime "8:14:01 PDT"]
[Termination "Ural_bogatyr won by resignation"]

1. d4 d5 2. Nc3 Nf6 3. Bf4 e6 4. Nb5 Na6 5. e3 c6 6. Nc3 Nc7 7. Nf3 Bb4 8. Bd3 Ne4 9. Bxe4 dxe4 10. Nd2 f5 11. Qh5+ g6 12. Qh6 Bf8 13. Qg5 Be7 14.
Qg3 g5 15. Bxc7 Qd7 16. Be5 Rg8 17. h4 b5 18. hxg5 Bxg5 19. Qh3 h6 20. Ne2 Ba6 21. Qh5+ Kd8 22. Nf4 Kc8 23. Nh3 Kb7 24. Nxg5 Rxg5 25. Qxh6 Kb6 26. Qxg5 1-0

[Event "Early-Titled-Tuesday-Blitz-September-05-2023"]
[Site "Chess.com"]
[Date "2023.09.05"]
[Round "2"]
[White "Chernov_Mikhail"]
[Black "Virgo15"]
[Result "0-1"]
[WhiteElo "2412"]
[BlackElo "2689"]
[TimeControl "180+1"]
[EndTime "8:14:02 PDT"]
[Termination "Virgo15 won by resignation"]

1. d4 Nf6 2. Nc3 d5 3. Bf4 a6 4. e3 e6 5. g4 c5 6. g5 Ne4 7. Nxe4 dxe4 8. dxc5 Qa5+ 9. c3 Qxc5 10. Qc2 e5 11.
Bg3 Bf5 12. Bg2 Nc6 13. Bxe4 Nb4 14. Qa4+ b5 15. Qxb4 Qxb4 16. cxb4 Bxe4 17. f3 Bxb4+ 18. Ke2 Bd5 19. b3 f6 20. h4 Rc8 21. Kd3 Kf7 22. Nh3 Rhd8 23. Ke2 Rc2+ 24. Kf1 Bxf3 0-1

[Event "Early-Titled-Tuesday-Blitz-September-05-2023"]
[Site "Chess.com"]
[Date "2023.09.05"]
[Round "2"]
[White "Khromkin"]
[Black "The_Machine04"]
[Result "1-0"]
[WhiteElo "2418"]
[BlackElo "2602"]
[TimeControl "180+1"]
[EndTime "8:14:16 PDT"]
[Termination "Khromkin won by resignation"]

1. d4 d6 2. c4 e5 3. Nf3 e4 4.
Nfd2 f5 5. e3 Nf6 6. Nc3 c5 7.
f3 cxd4 8. exd4 e3 9. Nb3 f4 10. Bd3 Nh5 11. Qc2 Qh4+ 12. Kd1 Nc6 13. Bxh7 Ng3 14.
Bg6+ Kd8 15. Re1 Qxh2 16. Nd5 Be6 17. Nxf4 Bg8 18. Bxe3 Nb4 19. Qd2 a5 20. a3 Bxc4 21. Nxa5 Nd5 22. Nxc4 1-0

[Event "Early-Titled-Tuesday-Blitz-September-05-2023"]
[Site "Chess.com"]
[Date "2023.09.05"]
[Round "2"]
[White "smilingice"]
[Black "I_am_Javi"]
[Result "0-1"]
[WhiteElo "2411"]
[BlackElo "2749"]
[TimeControl "180+1"]
[EndTime "8:14:25 PDT"]
[Termination "I_am_Javi won by resignation"]

1. e4 e5 2. Nf3 Nc6 3. d4 exd4 4. Bc4 g6 5. Nxd4 Bg7 6. Be3 Nge7 7. Nc3 O-O 8. O-O Ne5 9. Bb3 c5 10. Nf3 c4 11.
Nxe5 cxb3 12. Nc4 d5 13. Nxd5 Nxd5 14. exd5 bxc2 15. Qxc2 Qxd5 16. Rad1 Qh5 17. Nd6 Bg4 18. f3 Be6 19. Qc7 Rad8 20. Nxb7 Be5 21. Qxd8 Qxh2+ 22. Kf2 Bg3+ 23. Ke2 Bc4+ 24. Qd3 Qxg2+ 25. Bf2 Re8+ 26.
Kd2 Bxd3 27. Kxd3 Bxf2 0-1

[Event "Early-Titled-Tuesday-Blitz-September-05-2023"]
[Site "Chess.com"]
[Date "2023.09.05"]
[Round "2"]
[White "HSH1987"]
[Black "IPAchess"]
[Result "1-0"]
[WhiteElo "2750"]
[BlackElo "2414"]
[TimeControl "180+1"]
[EndTime "8:14:28 PDT"]
[Termination "HSH1987 won by resignation"]

1. Nf3 d5 2. g3 Nf6 3. Bg2 e6 4. O-O c5 5. d3 Nc6 6. Nbd2 Be7 7. e4 O-O 8. e5 Nd7 9. Re1 Qc7 10. Qe2 b5 11. Nf1 Bb7 12. h4 Rfc8 13. c3 Qd8 14. Bf4 a5 15. N1h2 a4 16. a3 Na5 17. Ng4 Nb3 18. Rad1 b4 19. Bg5 bxa3 20. bxa3 Ba6 21. Qe3 Qf8 22. Bxe7 Qxe7 23. c4 Nb6 24. Ng5 Nd4 25.
Qf4 Ra7 26. Nf6+ gxf6 27. exf6 Qc7 28. Qg4 Kh8 29. Qh5 1-0

[Event "Early-Titled-Tuesday-Blitz-September-05-2023"]
[Site "Chess.com"]
[Date "2023.09.05"]
[Round "2"]
[White "ashwanitiwari"]
[Black "Battever"]
[Result "0-1"]
[WhiteElo "2140"]
[BlackElo "2468"]
[TimeControl "180+1"]
[EndTime "8:14:30 PDT"]
[Termination "Battever won by resignation"]

1. b3 e5 2. Bb2 d6 3. e3 Nf6 4. d4 Nbd7 5. Nf3 e4 6. Nfd2 d5 7. c4 c6 8. Nc3 a6 9. Be2 Bd6 10. Qc2 O-O 11. h3 b5 12. cxd5 cxd5 13. O-O Bb7 14.
f3 Rc8 15. fxe4 Nxe4 16. Ndxe4 dxe4 17. Qd2 Qg5 18. Bg4 f5 19. Bd1 Qg3 20. Ne2 Qh2+ 21.
Kf2 f4 22. exf4 Rxf4+ 23. Nxf4 Bxf4 24. Qe2 e3+ 25. Ke1 Bg3+ 0-1

[Event "Early-Titled-Tuesday-Blitz-September-05-2023"]
[Site "Chess.com"]
[Date "2023.09.05"]
[Round "2"]
[White "AlexKhripachenko"]
[Black "GAusal"]
[Result "1-0"]
[WhiteElo "2714"]
[BlackElo "2290"]
[TimeControl "180+1"]
[EndTime "8:14:41 PDT"]
[Termination "AlexKhripachenko won by resignation"]

1. e4 c5 2. Nf3 e6 3. d4 cxd4 4. Nxd4 a6 5. Bd3 Qc7 6. O-O Nc6 7. Nxc6 bxc6 8. f4 d5 9. Nd2 Nf6 10. Qe2 Bc5+ 11. Kh1 h5 12. c4 Ng4 13. Nb3 Ba7 14.
c5 Bd7 15. Bd2 Bb8 16. Rae1 Qd8 17. h3 Qh4 18. Qf3 g5 19. exd5 cxd5 20. Qxd5 Nf2+ 21. Rxf2 Qxf2 22. Qxa8 O-O 23. Qe4 f5 24. Qd4 Qh4 25.
Qxd7 gxf4 26. Qxe6+ Kh8 27. Bc3+ Kh7 28. Qe7+ Kg6 29.
Qxh4 1-0

[Event "Early-Titled-Tuesday-Blitz-September-05-2023"]
[Site "Chess.com"]
[Date "2023.09.05"]
[Round "2"]
[White "Roman_Ovetchkin"]
[Black "RIPOL"]
[Result "1-0"]
[WhiteElo "2633"]
[BlackElo "2403"]
[TimeControl "180+1"]
[EndTime "8:14:46 PDT"]
[Termination "Roman_Ovetchkin won by resignation"]

1. d4 Nf6 2. c4 e6 3. g3 d5 4. Bg2 dxc4 5. Nf3 Bd7 6. Ne5 Bc6 7. Nxc6 Nxc6 8. e3 Qd7 9. O-O Rb8 10. Qe2 b5 11.
Rd1 Be7 12. b3 cxb3 13. axb3 Rb6 14. Bb2 O-O 15. e4 a6 16. d5 Nb4 17. Bd4 Rbb8 18. Bh3 c5 19. dxe6 Qc7 20. Bb2 fxe6 21. e5 Nfd5 22. Bxe6+ Kh8 23. Bxd5 1-0

[Event "Early-Titled-Tuesday-Blitz-September-05-2023"]
[Site "Chess.com"]
[Date "2023.09.05"]
[Round "2"]
[White "ozates"]
[Black "nrvignesh"]
[Result "0-1"]
[WhiteElo "2562"]
[BlackElo "2823"]
[TimeControl "180+1"]
[EndTime "8:14:47 PDT"]
[Termination "nrvignesh won by resignation"]

1. e4 e5 2. Nf3 Nc6 3. Bb5 a6 4. Ba4 d6 5. c3 Bd7 6. O-O g6 7. d4 Bg7 8. d5 Nce7 9. c4 h6 10. Nc3 f5 11. Nh4 f4 12. g3 Nf6 13. gxf4 exf4 14.
Kh1 g5 15. Nf3 O-O 16. Bxd7 Nxd7 17. Nd4 Bxd4 18. Qxd4 Ne5 19. b3 f3 20. Rg1 N7g6 21. Rg3 Kh7 22. Nd1 Nf4 23. Bxf4 gxf4 24. Rg1 Rg8 25.
Nc3 Qh4 26. Rxg8 Rxg8 27. Rg1 Ng4 0-1

[Event "Early-Titled-Tuesday-Blitz-September-05-2023"]
[Site "Chess.com"]
[Date "2023.09.05"]
[Round "2"]
[White "biostatistician"]
[Black "FormerProdigy"]
[Result "0-1"]
[WhiteElo "2597"]
[BlackElo "2874"]
[TimeControl "180+1"]
[EndTime "8:14:59 PDT"]
[Termination "FormerProdigy won by resignation"]

1. d4 Nf6 2. Nf3 e6 3. c4 b6 4. Nc3 Bb4 5. Qc2 Bb7 6. a3 Bxc3+ 7. Qxc3 O-O 8. g3 d5 9. Bg2 Nbd7 10. O-O c5 11.
dxc5 Nxc5 12. b4 Nce4 13. Qd4 dxc4 14. Qxc4 Rc8 15. Qd4 Nc3 16. Re1 Bxf3 17. Qxd8 Nxe2+ 18. Rxe2 Rfxd8 19. Bxf3 Rd1+ 20. Kg2 Rcxc1 21. Rxc1 Rxc1 22. Rd2 Kf8 23. Rd8+ Ke7 24. Ra8 Rc7 25. h4 e5 26.
g4 e4 27. Be2 Nd5 28. Kg3 Rc3+ 29. Kg2 Nf4+ 30. Kh2 Rh3+ 31. Kg1 Nxe2+ 32. Kf1 Nf4 33. Rxa7+ Kd6 34. Ke1 Rxh4 35. Rxf7 Rxg4 36. Kd2 h5 37. Ke3 Nd5+ 38. Kd4 e3+ 39. Kd3 Rf4 40. Rxf4 Nxf4+ 41. Kxe3 g5 42. a4 Nd5+ 43. Ke4 Nxb4 44. Kf5 h4 0-1

[Event "Early-Titled-Tuesday-Blitz-September-05-2023"]
[Site "Chess.com"]
[Date "2023.09.05"]
[Round "2"]
[White "WilsonPalencia21"]
[Black "spotbet"]
[Result "1-0"]
[WhiteElo "2529"]
[BlackElo "2340"]
[TimeControl "180+1"]
[EndTime "8:15:03 PDT"]
[Termination "WilsonPalencia21 won by resignation"]

1. d4 Nf6 2. Nf3 e6 3. c4 Bb4+ 4. Nbd2 O-O 5. a3 Be7 6. e4 d5 7. e5 Nfd7 8. Qc2 c5 9. Bd3 g6 10. h4 Nc6 11. dxc5 Ndxe5 12. Nxe5 Nxe5 13. b4 Bf6 14. Rb1 Nxd3+ 15. Qxd3 dxc4 16. Qxd8 Rxd8 17. Nxc4 Rd4 18.
Ne3 Rxh4 19. Rxh4 Bxh4 20. Bb2 Bd7 21. Nc4 Bc6 22. Ne5 Bxg2 23. Ke2 Rd8 24. f3 Bf6 25. Rg1 Bh3 26. Nc6 bxc6 27. Bxf6 Rd5 28. Rc1 Bf5 29. Rc3 h5 30. f4 Kf8 31. b5 Bg4+ 32. Ke3 Bd1 33.
bxc6 Ba4 34. c7 Bd7 35. Rb3 Rxc5 36. Rb8+ 1-0